 Dungeon Crawl Stone Soup version 0.30-a0-591-g3c58d2bc28 (webtiles) character file.

Game seed: 13801067972360255896

10960 Newt the Fighter (level 11, -6/78 HPs)
             Began as a Demonspawn Gladiator on Jan 4, 2023.
             Was an Elder of Hepliaklqana.
             Mangled by Grum
             ... wielding a +0 glaive
              (24 damage)
             ... on level 1 of the Lair of Beasts.
             The game lasted 00:09:37 (7585 turns).

Newt the Fighter (Demonspawn Gladiator)             Turns: 7585, Time: 00:09:38

Health: -6/78      AC:  8    Str: 20    XL:     11   Next: 43%
Magic:  0/17       EV: 12    Int:  9    God:    Hepliaklqana [****..]
Gold:   716        SH:  0    Dex:  9    Spells: 16/18 levels left

rFire   + . .      SeeInvis .    I - +8 war axe of the Tooth {venom, rPois rF+ rN+ Dex-5}
rCold   . . .      Faith    .    (no shield)
rNeg    + . .      Spirit   +    x - +0 troll leather armour
rPois   +          Reflect  .    c - +0 helmet
rElec   .          Harm     .    u - +0 cloak
rCorr   .          Rampage  .    (no gloves)
Will    +....                    k - +0 pair of boots
Stlth   +                        f - amulet of guardian spirit
HPRegen 1.13/turn                p - ring of willpower
MPRegen 0.15/turn                (no ring)

@: no status effects
A: reduced essence, powered by death 2, demonic touch 2
a: Renounce Religion, Recall Ancestor, Ancestor Identity, Transference, Idealise


You were on level 1 of the Lair of Beasts.
You worshipped Hepliaklqana.
Hepliaklqana was greatly pleased with you.
You visited 2 branches of the dungeon, and saw 11 of its levels.

You collected 716 gold pieces.

Inventory:

Hand Weapons
 a - a +0 dagger of electrocution
 b - a +0 sling
 m - a +0 rapier
 r - a +5 whip of freezing
 D - a +0 spear
 I - the +8 war axe of the Tooth (weapon) {venom, rPois rF+ rN+ Dex-5}
   (You found it on level 7 of the Dungeon)

   Dex:       It affects your dexterity (-5).
   rF:        It protects you from fire.
   rPois:     It protects you from poison.
   rN:        It protects you from negative energy.
Missiles
 d - 2 throwing nets
 e - a javelin
 A - 7 boomerangs
 B - 8 atropa-tipped darts
 H - 32 poisoned darts
Armour
 c - a +0 helmet (worn)
 k - a +0 pair of boots (worn)
 l - a +0 leather armour
 u - a +0 cloak (worn)
 x - a +0 troll leather armour (worn)
 E - a +3 ring mail of positive energy
Jewellery
 f - an amulet of guardian spirit (around neck)
 p - a ring of willpower (left hand)
 P - a ring of fire
Wands
 t - a wand of mindburst (21)
 y - a wand of flame (48)
 C - a wand of roots (31)
 G - a wand of light (28)
Scrolls
 h - 2 scrolls of noise
 o - 3 scrolls of teleportation
 v - 4 scrolls of fog
 w - a scroll of amnesia
 K - 2 scrolls of blinking
 M - 3 scrolls of identify
 N - a scroll of vulnerability
 O - a scroll of fear
 Q - 2 scrolls of enchant armour
 R - a scroll of magic mapping
Potions
 g - 2 potions of degeneration
 i - 4 potions of curing
 j - 3 potions of heal wounds
 n - a potion of mutation
 q - 5 potions of lignification
 s - a potion of magic
 z - 2 potions of resistance
 F - 2 potions of cancellation
 J - a potion of brilliance
 L - 2 potions of attraction
Miscellaneous
 S - a phantom mirror


   Skills:
 + Level 8.4 Fighting
 - Level 3.5 Short Blades
 - Level 6.1(7.0) Axes
 - Level 5.0(6.4) Maces & Flails
 - Level 1.7 Throwing
 - Level 6.0 Armour
 - Level 4.0 Dodging
 - Level 2.0 Stealth
 - Level 4.0 Spellcasting
 - Level 4.0 Transmutations
 - Level 5.0 Invocations
 - Level 8.0 Evocations


You had 16 spell levels left.
You knew the following spells:

 Your Spells              Type           Power      Damage    Failure   Level
a - Wereblood             Tmut           9%         N/A       9%          2

Your spell library contained the following spells:

 Spells                   Type           Power      Damage    Failure   Level
 Beastly Appendage        Tmut           18%        N/A       6%          1
 Spider Form              Tmut/Pois      5%         N/A       38%         3
 Hailstorm                Conj/Ice       1%         3d3       67%         3
 Ice Form                 Ice/Tmut       5%         N/A       80%         4
 Simulacrum               Ice/Necr       0%         N/A       100%        6


Dungeon Overview and Level Annotations

Branches:
Dungeon (10/15)            Temple (0/1) D:5            Lair (1/5) D:10
    Orc: D:9-12

Altars:
Ashenzari
Cheibriados
Dithmenos
Gozag
Hepliaklqana
Kikubaaqudgha
Makhleb
Nemelex Xobeh
Qazlal
Ru
Uskayaw
Wu Jian

Annotations:
D:1 1 transporter
Lair:1 Grum


Innate Abilities, Weirdness & Mutations

Your life essence is reduced to manifest your ancestor. (-10% HP)
You regenerate health from kills.
Your touch may inflict irresistible damage on your foes.


Message History

The wolf dies!
You miss the wolf. Your touch misses the wolf.
The wolf is moderately wounded.
You slash the plant!
The plant looks as sick as possible!
You barely miss the wolf.
A nearby plant withers and dies.
The wolf barely misses you. The wolf bites you but does no damage.
Necuametl points at the wolf and mumbles some strange words.
The wolf appears confused.
Grum closely misses you. The wolf misses you. The wolf bites you.
The wolf closely misses you.
You barely miss the wolf. Your touch misses the wolf.
The wolf is moderately wounded.
You slash the wolf!
The wolf is poisoned.
You hit the wolf.
The wolf looks even sicker.
The wolf closely misses you.
The wolf bites Necuametl but does no damage.
The wolf bites you.
Necuametl hits the wolf with a +0 dagger of draining.
Grum hits you from afar with a +0 glaive!
The wolf barely misses you. The wolf bites you.
You are too injured to fight recklessly!
You slash the wolf!
The wolf looks as sick as possible!
The wolf is severely wounded.
You hit the wolf.
The wolf looks as sick as possible!
The wolf barely misses you.
The wolf barely misses Necuametl.
The wolf closely misses you.
Grum hits you from afar with a +0 glaive!!
* * * LOW HITPOINT WARNING * * *
Necuametl hits the wolf with a +0 dagger of draining!
The wolf dies!
The wolf bites you but does no damage. The wolf closely misses you.
Necuametl hits the wolf with a +0 dagger of draining!
The wolf dies!
Necuametl closely misses the wolf.
Necuametl points at the wolf and mumbles some strange words.
The wolf resists with some effort.
The wolf bites Necuametl.
The wolf bites Necuametl!
Necuametl barely misses the wolf.
There is a staircase back to the Dungeon here.
You kill the wolf!
Grum hits you from afar with a +0 glaive!!
You die...

#....# #....#
##....# .....#
######....##
...........#
...........#
.......@..#
.....#...g###
............#
.........R†......
.....#...†..#####
##.###....?.# ...
........# .#
#######..# #.+


You could see the friendly Necuametl the hexer and Grum.

Vanquished Creatures
  A two-headed ogre (D:10)
  The ghost of DSscumlord the Basher, a novice DsWn of Okawaru (D:9)
  Pikel (D:8)
  An elephant (D:10)
  A gargoyle (D:10)
  3 trolls
  A hornet (D:9)
  Grinder (D:3)
  Sigmund (D:3)
  2 wyverns (D:9)
  8 yaks
  2 steam dragons (D:9)
  An acid dragon (D:9)
  An orc warrior (D:9)
  3 black bears
  A sky beast (D:8)
  2 ice beasts
  A wolf (Lair:1)
  A centaur (D:6)
  3 lemures (D:8)
  A kobold brigand (D:10)
  2 bullfrogs (D:7)
  A scorpion (D:5)
  A necrophage (D:5)
  4 killer bees (D:7)
  A howler monkey (D:10)
  A crimson imp (D:6)
  6 orc priests
  2 hounds
  Crazy Yiuf (D:2)
  3 jellies
  4 iguanas
  Ijyb (D:3)
  Terence (D:2)
  Natasha (thrice) (D:2)
  8 orc wizards
  Robin (D:3)
  3 gnolls (D:4)
  2 adders (D:2)
  2 ufetubi
  A dart slug (D:2)
  21 orcs
  5 endoplasms
  3 giant cockroaches
  10 goblins
  8 hobgoblins
  A quokka (D:2)
  5 ball pythons
  5 bats
  A frilled lizard (D:1)
  18 kobolds
  3 rats
165 creatures vanquished.

Vanquished Creatures (collateral kills)
  Erica (D:8)
  A two-headed ogre (D:9)
  A wolf spider (D:9)
  A kobold demonologist (D:7)
  2 hornets
  The ghost of Darkkill the Shooter, an amateur MiHu (D:4)
  2 water moccasins
  An ice beast (D:6)
  3 wolves (Lair:1)
  3 kobold brigands
  A lemure (D:8)
  Blork the orc (D:4)
  A scorpion (D:5)
  3 killer bees (D:7)
  A hound (D:5)
  An iguana (D:7)
  An orc wizard (D:7)
  An adder (D:4)
  A gnoll (D:4)
  5 orcs
  9 kobolds
  A goblin (D:3)
42 creatures vanquished.

Vanquished Creatures (others)
  A hexer (D:9)
  A goblin (D:3)
  A plant (Lair:1)
3 creatures vanquished.

Grand Total: 210 creatures vanquished

Notes
Turn   | Place    | Note
-------+----------+-------------------------------------------
     0 | D:1      | Newt the Demonspawn Gladiator began the quest for the Orb.
     0 | D:1      | Reached XP level 1. HP: 16/16 MP: 1/1
   242 | D:1      | Reached skill level 1 in Stealth
   397 | D:1      | Gained mutation: Your touch may inflict minor irresistible
                  | damage on your foes. [demonic ancestry]
   397 | D:1      | Reached XP level 2. HP: 22/22 MP: 2/2
   652 | D:2      | Found a hazy altar of Hepliaklqana.
   659 | D:2      | Became a worshipper of Hepliaklqana the Forgotten
   668 | D:2      | Noticed Natasha
   676 | D:2      | Killed Natasha
   677 | D:2      | Gained mutation: You regenerate a little health from kills.
                  | [demonic ancestry]
   677 | D:2      | Reached XP level 3. HP: 14/29 MP: 3/3
   807 | D:2      | Noticed Natasha
   810 | D:2      | Killed Natasha
   811 | D:2      | Reached XP level 4. HP: 37/37 MP: 4/4
   862 | D:2      | Noticed Terence
   864 | D:2      | Killed Terence
  1016 | D:2      | Noticed Natasha
  1026 | D:2      | Killed Natasha
  1306 | D:2      | Found a runed translucent door.
  1307 | D:2      | Noticed Crazy Yiuf
  1353 | D:2      | Gained mutation: You regenerate health from kills. [demonic
                  | ancestry]
  1353 | D:2      | Reached XP level 5. HP: 41/42 MP: 5/5
  1483 | D:2      | Killed Crazy Yiuf
  1484 | D:2      | Reached skill level 1 in Maces & Flails
  1651 | D:3      | Noticed Grinder
  1659 | D:3      | Killed Grinder
  1660 | D:3      | Reached XP level 6. HP: 48/48 MP: 6/6
  1668 | D:3      | Noticed Ijyb
  1679 | D:3      | Killed Ijyb
  1684 | D:3      | Noticed Sigmund
  1697 | D:3      | Killed Sigmund
  1698 | D:3      | Reached skill level 5 in Maces & Flails
  1698 | D:3      | Reached XP level 7. HP: 28/54 MP: 7/7
  1845 | D:3      | Learned a level 2 spell: Wereblood
  1868 | D:3      | Reached * piety under Hepliaklqana
  2013 | D:3      | Noticed Robin
  2035 | D:3      | Killed Robin
  2185 | D:4      | Reached skill level 1 in Transmutations
  2277 | D:4      | Reached ** piety under Hepliaklqana
  2278 | D:4      | Remembered your ancestor Necuametl as a hexer
  2328 | D:4      | Found a runed translucent gate.
  2328 | D:4      | Found a runed translucent gate.
  2328 | D:4      | Noticed Darkkill's ghost (amateur MiHu)
  2329 | D:4      | Found a runed translucent gate.
  2401 | D:4      | Noticed Blork the orc
  2408 | D:4      | Killed Blork the orc
  2745 | D:5      | Entered Level 5 of the Dungeon
  2785 | D:5      | Reached skill level 1 in Spellcasting
  2823 | D:5      | Found a stormy altar of Qazlal.
  2833 | D:5      | Reached XP level 8. HP: 54/54 MP: 9/11
  2880 | D:5      | Found a staircase to the Ecumenical Temple.
  3239 | D:6      | Reached skill level 5 in Fighting
  3387 | D:6      | Reached skill level 1 in Armour
  3565 | D:6      | Found a burning altar of Makhleb.
  3719 | D:7      | Noticed a hornet
  3722 | D:7      | Killed a hornet
  3723 | D:7      | Reached skill level 1 in Evocations
  3723 | D:7      | Reached XP level 9. HP: 55/62 MP: 11/15
  3794 | D:7      | Noticed a kobold demonologist
  3809 | D:7      | Killed a kobold demonologist
  3943 | D:7      | Reached skill level 5 in Evocations
  3973 | D:7      | Identified the +8 war axe of the Tooth {venom, rPois rF+
                  | rN+ Dex-5}
  4107 | D:7      | Reached skill level 1 in Axes
  4140 | D:7      | Reached *** piety under Hepliaklqana
  4559 | D:7      | Found an opulent altar of Gozag.
  4560 | D:7      | Found a sparkling altar of Nemelex Xobeh.
  4797 | D:4      | Killed Darkkill's ghost
  4913 | D:8      | Noticed a troll
  4916 | D:8      | Killed a troll
  5120 | D:8      | Reached XP level 10. HP: 63/68 MP: 13/16
  5123 | D:8      | Reached skill level 5 in Axes
  5259 | D:8      | Found an ornate altar of the Wu Jian Council.
  5273 | D:8      | Noticed Erica
  5280 | D:8      | Killed Erica
  5361 | D:8      | Noticed Pikel
  5372 | D:8      | Killed Pikel
  5373 | D:8      | Reached skill level 5 in Invocations
  5782 | D:9      | Reached skill level 5 in Armour
  5845 | D:9      | Found a shadowy altar of Dithmenos.
  5869 | D:9      | Noticed a two-headed ogre
  5875 | D:9      | Killed a two-headed ogre
  6172 | D:9      | Found a broken altar of Ashenzari.
  6172 | D:9      | Found a snail-covered altar of Cheibriados.
  6172 | D:9      | Found a sacrificial altar of Ru.
  6172 | D:9      | Found an ancient bone altar of Kikubaaqudgha.
  6173 | D:9      | Found a hide-covered altar of Uskayaw.
  6222 | D:9      | Reached **** piety under Hepliaklqana
  6282 | D:9      | Found a runed translucent door.
  6287 | D:9      | Noticed DSscumlord's ghost (novice DsWn)
  6287 | D:9      | Noticed a wolf spider
  6643 | D:9      | Killed a wolf spider
  6644 | D:9      | Gained mutation: Your touch may inflict irresistible damage
                  | on your foes. [demonic ancestry]
  6644 | D:9      | Reached XP level 11. HP: 77/77 MP: 14/17
  6657 | D:9      | Killed DSscumlord's ghost
  6751 | D:10     | Entered Level 10 of the Dungeon
  6804 | D:10     | Found a staircase to the Lair.
  7204 | D:10     | Noticed a two-headed ogre
  7212 | D:10     | Killed a two-headed ogre
  7574 | Lair:1   | Entered Level 1 of the Lair of Beasts
  7574 | Lair:1   | Noticed Grum
  7585 | Lair:1   | Mangled by Grum

Illustrated notes

Levels and vault maps discovered:
D:1:      spicycebolla_arrival_risky_transporter, layout_basic
D:2:      layout_loops_ring, basic_altar, kennysheep_big_empty_room,
          kennysheep_pointless_box, amcnicky_mini_corridor_feature,
          grunt_ministairs_5, uniq_terence, uniq_natasha,
          uniq_crazy_yiuf_cottage
D:3:      layout_rooms, supply_closet_lemuel, uniq_sigmund, uniq_robin,
          uniq_grinder, uniq_ijyb
D:4:      layout_cave_pools, gammafunk_ghost_nasty_kobolds, uniq_blork_the_orc
D:5:      layout_rooms, mainiacjoe_overflow_tiny_flanked,
          minmay_temple_entry_purple_smoke
D:6:      layout_rooms, makhleb_grotto_becter
D:7:      layout_layer_cave, grunt_temple_overflow_opulence
D:8:      layout_cave_pods, old_standard_altar, uniq_erica, uniq_pikel
D:9:      layout_long_grid, amcnicky_altar_gilded, minitemple,
          ebering_ghost_inner_flame
D:10:     layout_stronghold, nicolae_overflow_hidden_temple, david_lair_generic
Lair:1:   layout_chaotic_city, uniq_grum, uniq_joseph

Skill      XL: |  1  2  3  4  5  6  7  8  9 10 11 |
---------------+----------------------------------+-----
Stealth        | 1 2 |  2.0
Fighting       | 3 4 6 8 |  8.4
Short Blades   | 3 |  3.5
Maces & Flails | 3 5 |  5.0
Transmutations | 4 |  4.0
Spellcasting   | 2 4 |  4.0
Armour         | 4 6 |  6.0
Evocations     | 1 5 8 |  8.0
Dodging        | 4 |  4.0
Axes           | 4 6 |  6.1
Invocations    | 5 |  5.0
Throwing       | |  1.7

Action                   |  1- 3 |  4- 6 |  7- 9 | 10-12 || total
-------------------------+-------+-------+-------+-------++-------
Melee: Dagger            |    37 |    20 |       |       ||    57
       Rapier            |     6 |       |       |       ||     6
       Touch             |     2 |    10 |    40 |    19 ||    71
       Punch             |     1 |     3 |     2 |     1 ||     7
       Whip              |       |    25 |   220 |       ||   245
       War axe           |       |       |    38 |   117 ||   155
Throw: Throwing net      |       |     2 |       |       ||     2
 Cast: Wereblood         |       |       |     9 |     1 ||    10
Invok: Ancestor Life: He |       |       |     1 |       ||     1
Evoke: Wand              |       |       |       |     2 ||     2
  Use: Scroll            |     7 |     1 |     9 |     3 ||    20
       Potion            |     1 |     1 |     1 |     1 ||     4
 Stab: Sleeping          |     1 |     6 |     2 |       ||     9
       Held in net/web   |       |     1 |       |       ||     1
       Distracted        |       |       |     5 |     1 ||     6
       Confused          |       |       |     5 |     5 ||    10
Armor: Leather armour    |    10 |    14 |    18 |       ||    42
       Ring mail         |       |       |    77 |       ||    77
       Troll leather arm |       |       |     3 |    41 ||    44
       Skin              |       |       |       |    11 ||    11
Dodge: Dodged            |    20 |    21 |   113 |    80 ||   234

Table legend: (Time is in decaauts)
 A = Elapsed time spent in this place.
 B = Non-inter-level travel time spent in this place.
 C = Inter-level travel time spent in this place.
 D = Time resting spent in this place.
 E = Time spent auto-exploring this place.
 F = Levels seen in this place.
 G = Mean time per level.
                   A        B        C        D        E       F      G
               +--------+--------+--------+--------+--------+-----+--------+
         Total |   7572 |   6970 |    602 |    375 |   5371 |  11 |  688.4 |
       Dungeon |   7560 |   6959 |    601 |    375 |   5371 |  10 |  756.0 |
          Lair |     11 |     11 |      0 |      0 |      0 |   1 |   11.0 |
               +--------+--------+--------+--------+--------+-----+--------+

Top non-repeatable levels by time:
     D:9: 1035 daAuts
     D:7: 962 daAuts
     D:2: 943 daAuts
    D:10: 828 daAuts
     D:8: 819 daAuts
     D:4: 712 daAuts
     D:1: 643 daAuts
     D:3: 570 daAuts
     D:6: 557 daAuts
     D:5: 488 daAuts
  Lair:1: 11 daAuts
